 Dungeon Crawl Stone Soup version 0.29.0-4-gdea44cf6ec (webtiles) character file.

Game seed: 1327738840880678143

89 qw the Chopper (level 4, -3/26 HPs)
             Began as a Tengu Warper on Aug 28, 2022.
             Slain by a goblin
             ... wielding a +0 club
             ... led by Robin
              (6 damage)
             ... on level 2 of the Dungeon.
             The game lasted 00:00:12 (1940 turns).

qw the Chopper (Tengu Warper)                       Turns: 1940, Time: 00:00:13

Health: -3/26      AC: 10    Str: 13    XL:     4   Next: 55%
Magic:  8/8        EV:  4    Int: 14    God:
Gold:   62         SH:  8    Dex: 13    Spells: 7/7 levels left

rFire   . . .      SeeInvis .   Y - +0 hand axe
rCold   . . .      Faith    .   l - +0 kite shield
rNeg    . . .      Spirit   .   c - +0 chain mail
rPois   .          Reflect  .   (helmet restricted)
rElec   .          Harm     .   g - +1 cloak {rCorr}
rCorr   +          Rampage  .   (no gloves)
Will    .....                   (boots unavailable)
Stlth   ..........              (no amulet)
HPRegen 0.08/turn               (no ring)
MPRegen 0.11/turn               (no ring)

@: attractive
A: beak, talons 3
a: no special abilities


You were on level 2 of the Dungeon.
You visited 1 branch of the dungeon, and saw 2 of its levels.

You collected 86 gold pieces.
You spent 24 gold pieces at shops.


Innate Abilities, Weirdness & Mutations

You have a beak for a mouth.
You have claws for feet.


   Skills:
 - Level 2.0 Fighting
 - Level 4.0 Axes
 - Level 1.0 Throwing
 - Level 1.1 Armour
 - Level 2.1 Dodging
 + Level 2.6 Shields
 - Level 2.0 Spellcasting
 - Level 2.4 Translocations


You had 7 spell levels left.
You didn't know any spells.
Your spell library contained the following spells:

 Spells                   Type           Power      Damage    Failure   Level
 Blink                    Tloc           16%        N/A       100%        2
 Gell's Gravitas          Tloc           8%         N/A       100%        3
 Lesser Beckoning         Tloc           8%         N/A       100%        3
 Teleport Other           Tloc           8%         N/A       100%        3
 Manifold Assault         Tloc           8%         N/A       100%        5

Inventory:

Hand Weapons
 h - a +0 whip
 Y - a +0 hand axe (weapon)
Missiles
 b - 2 boomerangs of dispersal (quivered)
Armour
 c - a +0 chain mail (worn)
 g - a +1 cloak of preservation (worn)
 l - a +0 kite shield (worn)
Scrolls
 k - a scroll of identify
Potions
 a - a potion of resistance {unknown}

Dungeon Overview and Level Annotations

Branches:
Dungeon (2/15)

Altars:
The Shining One

Shops:
D:1 ?

Annotations:
D:2 Robin


Message History

You block the goblin's attack.
You slash the goblin!
You kill the goblin!
You hit Robin but do no damage. You closely miss the goblin.
You hit the endoplasm.
Robin roars a battlecry!
The goblins go into a battle-frenzy!
A goblin comes into view. It is wielding a +0 dagger.
The endoplasm freezes you.
You are frozen.
The goblin barely misses you. Robin hits you but does no damage.
The goblin hits you but does no damage. x2; You block the endoplasm's attack.
The goblin is attracted toward you.
You slash the endoplasm!
You kill the endoplasm!
You hit Robin.
You closely miss the goblin. x2; You hit the worm.
The worm bites you but does no damage. Robin throws the goblin at you!
The goblin hits you but does no damage. x2
You hit Robin.
Robin is heavily wounded.
You closely miss the goblin. You hit the goblin but do no damage.
You barely miss the worm. You closely miss the goblin.
Robin throws the goblin at you! The goblin hits you with a +0 dagger.
The goblin hits you but does no damage. You block the goblin's attack.
The worm bites you!
You barely miss Robin.
Robin is heavily wounded.
You hit the goblin. You barely miss the worm. You completely miss the goblin.
You closely miss the goblin. You block the goblin's attack.
You block Robin's attack. The goblin hits you with a +0 dagger.
The goblin closely misses you.
You barely miss the goblin. Your peck misses the goblin.
The goblin is severely wounded.
You closely miss the goblin. You hit the worm. You barely miss the goblin.
You barely miss Robin.
Robin says, "Kneel, worm!"
Robin hits you but does no damage. You block the goblin's attack. x2
The goblin hits you but does no damage. The worm bites you but does no damage.
The goblin hits you but does no damage. Robin hits you but does no damage.
The goblin hits you with a +0 club.
You die...

.###................#
.....####..........#
.#######..........#
.#####...###...#.##
..#....### #.....##
.....### ###......##
.#.... #.........#
###........#...ggg.#
...............%@..#
.........##....wg.##
..#######..####...#
#... ... #.... ##.
^..g #....# .. #....#
....## ### ...##
..###


You could see a worm, Robin and 3 goblins.

Vanquished Creatures
  Jessica (D:2)
  2 adders (D:2)
  2 worms (D:2)
  4 endoplasms
  A giant cockroach (D:1)
  6 goblins
  9 hobgoblins
  A quokka (D:1)
  A ball python (D:1)
  3 bats (D:2)
  5 kobolds
  2 rats (D:1)
37 creatures vanquished.

Notes
Turn   | Place    | Note
-------+----------+-------------------------------------------
     0 | D:1      | qw the Tengu Warper began the quest for the Orb.
     0 | D:1      | Reached XP level 1. HP: 12/12 MP: 4/4
     0 | D:1      | 0 ||| qw: Version: 0.1-a-89-g26bdef1
     0 | D:1      | 0 ||| qw: Game counter: 24
     0 | D:1      | 0 ||| qw: Always use a shield: true
     0 | D:1      | 0 ||| qw: God list: Okawaru
     0 | D:1      | 0 ||| qw: Allow faded altars: false
     0 | D:1      | 0 ||| qw: Do Orc after D:15 true
     0 | D:1      | 0 ||| qw: Do second Lair branch before Depths: true
     0 | D:1      | 0 ||| qw: Lair rune preference: random
     0 | D:1      | 0 ||| qw: Plans: Normal
     0 | D:1      | 0 ||| PLANNING D:1-11
   137 | D:1      | Reached XP level 2. HP: 17/17 MP: 6/6
   164 | D:1      | 164 ||| Stepping ~*~*~tactically~*~*~ (stealth).
   171 | D:1      | Reached skill level 3 in Axes
   496 | D:1      | 496 ||| Stepping ~*~*~tactically~*~*~ (stealth).
   497 | D:1      | 497 ||| Stepping ~*~*~tactically~*~*~ (stealth).
   502 | D:1      | 502 ||| Stepping ~*~*~tactically~*~*~ (stealth).
   503 | D:1      | 503 ||| Stepping ~*~*~tactically~*~*~ (stealth).
   504 | D:1      | 504 ||| Stepping ~*~*~tactically~*~*~ (stealth).
   506 | D:1      | 506 ||| Stepping ~*~*~tactically~*~*~ (stealth).
   507 | D:1      | 507 ||| Stepping ~*~*~tactically~*~*~ (stealth).
   526 | D:1      | 526 ||| Stepping ~*~*~tactically~*~*~ (stealth).
   527 | D:1      | 527 ||| Stepping ~*~*~tactically~*~*~ (stealth).
   529 | D:1      | 529 ||| Stepping ~*~*~tactically~*~*~ (stealth).
   530 | D:1      | 530 ||| Stepping ~*~*~tactically~*~*~ (stealth).
   532 | D:1      | 532 ||| Stepping ~*~*~tactically~*~*~ (stealth).
   533 | D:1      | 533 ||| Stepping ~*~*~tactically~*~*~ (stealth).
   537 | D:1      | 537 ||| Stepping ~*~*~tactically~*~*~ (stealth).
   539 | D:1      | 539 ||| Stepping ~*~*~tactically~*~*~ (stealth).
   546 | D:1      | 546 ||| Stepping ~*~*~tactically~*~*~ (stealth).
   547 | D:1      | 547 ||| Stepping ~*~*~tactically~*~*~ (stealth).
   549 | D:1      | 549 ||| Stepping ~*~*~tactically~*~*~ (stealth).
   556 | D:1      | 556 ||| Stepping ~*~*~tactically~*~*~ (stealth).
   558 | D:1      | 558 ||| Stepping ~*~*~tactically~*~*~ (stealth).
   750 | D:1      | Found Ciovisky's Magic Scroll Shop.
   759 | D:1      | 759 ||| SHOPLISTING scroll of enchant armour (90 gold, have
                  | 28).
   759 | D:1      | 759 ||| BUYING scroll of identify (24 gold).
   759 | D:1      | Bought a scroll of identify for 24 gold pieces
   759 | D:1      | 759 ||| SHOPLISTING scroll of identify (24 gold, have 4).
   759 | D:1      | 759 ||| SHOPLISTING scroll of teleportation (36 gold, have
                  | 4).
  1142 | D:1      | 1142 ||| UPGRADING to +1 cloak of preservation.
  1147 | D:1      | 1147 ||| UPGRADING to +0 kite shield.
  1152 | D:1      | 1152 ||| UPGRADING to +0 ring mail.
  1162 | D:1      | 1162 ||| DROPPING +0 leather armour.
  1163 | D:1      | 1163 ||| READING scroll labelled JIJATA VEPEK.
  1168 | D:1      | 1168 ||| READING 3 scrolls labelled ATOUH ABLANOPH.
  1269 | D:1      | 1269 ||| READING scroll labelled XUEMO OSTRA.
  1270 | D:1      | 1270 ||| READING scroll labelled YZELER REHU.
  1271 | D:1      | 1271 ||| DROPPING scroll of blinking.
  1272 | D:1      | 1272 ||| DROPPING 2 scrolls of silence.
  1307 | D:2      | 1307 ||| Stepping ~*~*~tactically~*~*~ (stealth).
  1329 | D:2      | Reached skill level 1 in Shields
  1329 | D:2      | Reached XP level 3. HP: 16/21 MP: 7/7
  1396 | D:2      | Found a faded altar of an unknown god.
  1498 | D:2      | Found a glowing golden altar of the Shining One.
  1499 | D:2      | Noticed Jessica
  1500 | D:2      | 1500 ||| Stepping ~*~*~tactically~*~*~ (hiding).
  1501 | D:2      | 1501 ||| Stepping ~*~*~tactically~*~*~ (hiding).
  1503 | D:2      | 1503 ||| Stepping ~*~*~tactically~*~*~ (hiding).
  1505 | D:2      | 1505 ||| Stepping ~*~*~tactically~*~*~ (hiding).
  1517 | D:2      | Killed Jessica
  1518 | D:2      | Reached XP level 4. HP: 23/26 MP: 8/8
  1574 | D:2      | 1574 ||| Stepping ~*~*~tactically~*~*~ (hiding).
  1621 | D:2      | HP: 6/26 [poisoned by an adder]
  1627 | D:2      | 1627 ||| FLEEEEING.
  1639 | D:2      | 1639 ||| FLEEEEING.
  1641 | D:2      | 1641 ||| STAIRDANCE
  1908 | D:1      | 1908 ||| UPGRADING to +0 chain mail.
  1918 | D:1      | 1918 ||| DROPPING +0 ring mail.
  1919 | D:1      | 1919 ||| READING scroll labelled VITSOMPESA.
  1920 | D:1      | 1920 ||| DRINKING 2 coppery potions.
  1921 | D:1      | 1921 ||| DROPPING potion of attraction.
  1926 | D:2      | Noticed Robin
  1933 | D:2      | Reached skill level 4 in Axes
  1938 | D:2      | HP: 5/26 [worm (9)]
  1939 | D:2      | HP: 2/26 [goblin/+0 dagger[Robin] (3)]
  1940 | D:2      | Slain by a goblin

Levels and vault maps discovered:
D:1:      heliophobic_arrival_henge, layout_basic, serial_shops, shop,
          nrook_uturn, grunt_decor_one_mirror, st_stairs_11, minivault_11,
          kennysheep_doodads, hangedman_decor_push
D:2:      layout_rooms, hellmonk_ecumenical_altar_pennies_from_heaven,
          basic_altar, nicolae_wormholes, uniq_jessica, uniq_robin

Skill      XL: |  1  2  3  4 |
---------------+-------------+-----
Axes           | 3 4 |  4.0
Shields        | 1 2 |  2.6
Fighting       | |  2.0
Throwing       | |  1.0
Armour         | |  1.1
Dodging        | |  2.1
Spellcasting   | |  2.0
Translocations | |  2.4

Action                   |  1- 3 |  4- 6 || total
-------------------------+-------+-------++-------
Melee: Hand axe          |    55 |    40 ||    95
       Kick              |    13 |     8 ||    21
       Peck              |     8 |     3 ||    11
Throw: Boomerang         |     7 |     1 ||     8
  Use: Scroll            |     4 |     1 ||     5
       Potion            |       |     1 ||     1
Armor: Leather armour    |     1 |       ||     1
       Ring mail         |    10 |    11 ||    21
       Chain mail        |       |    25 ||    25
Dodge: Dodged            |    23 |    14 ||    37
Block: Kite shield       |     7 |    23 ||    30

Table legend:
 A = Non-vault XP
 B = Vault XP
 C = Vault XP percentage of total XP
 D = Non-vault monster count
 E = Vault monster count
 F = Vault count percentage of total count
                 A         B        C        D         E       F
            +---------+---------+-------+---------+---------+-------
      Total |      67 |      61 |  47.7 |      24 |      13 |  35.1
            +---------+---------+-------+---------+---------+-------
        D:1 |      22 |       5 |  18.5 |      13 |       3 |  18.8
        D:2 |      45 |      56 |  55.4 |      11 |      10 |  47.6
            +---------+---------+-------+---------+---------+-------
